AoeStats
← Mayshen

Hideout

510166068Analyzed
1v1 RM · 2d ago on Sep 29, 2026· 41m 2s· 2 players
Game mode
Random Map
Map size
Tiny (2 player)
Population
200
Speed
Normal
Resources
Standard
Victory
Conquest
Starting age
Dark Age
Ending age
Imperial Age
RankedLock teamsTeams togetherTeam positionsShared explorationLock speedFull tech treeHidden civsTurbo modeCheats
Victory
Defeat
🇫🇮 Danes · Finland
1071
+14
🇩🇪 Berbers · Germany
1026
-14
Mayshen
9:11 Feudal Age
15:45 Castle Age
18:00 Wheelbarrow
20:01 Loom
20:47 Town Watch
28:42 Double-Bit Axe
28:39 Horse Collar
29:35 Scale Mail Armor
30:04 Town Patrol
30:31 Hand Cart
30:40 Hand Cart
33:36 Elite Skirmisher
39:09 Padded Archer Armor
40:55 Ballistics
turoturbo
8:18 Loom
10:07 Feudal Age
10:40 Man-at-Arms
22:11 Castle Age
20:28 Double-Bit Axe
22:00 Horse Collar
22:39 Gold Mining
24:33 Scale Mail Armor
25:50 Chain Mail Armor
28:47 Arson
30:49 Forging
31:25 Fletching
33:38 Squires
34:29 Iron Casting
38:17 Gambesons
40:09 Wheelbarrow
39:20 Town Watch
43:03 Imperial Age
40:29 Elite Skirmisher
Connection lost

Rejoining the realm…

Still unreachable

The connection could not be restored.

Session expired

The server has moved on; the page needs a fresh start.